 Dungeon Crawl Stone Soup version 0.21-a0-260-g9b2435e (webtiles) character file.

12 zane53102 the Slasher (level 2, -1/22 HPs)
             Began as a Demonspawn Gladiator on Sept 7, 2017.
             Slain by Terence
             ... wielding a +0 flail
              (7 damage)
             ... on level 2 of the Dungeon.
             The game lasted 00:04:31 (461 turns).

zane53102 the Slasher (Demonspawn Gladiator)         Turns: 461, Time: 00:04:32

Health: -1/22      AC:  3    Str: 14    XL:     2   Next: 20%
Magic:  2/2        EV: 13    Int:  9    God:
Gold:   66         SH:  0    Dex: 14    Spells: 1/1 levels left

rFire    . . .     SeeInvis .   a - +0 long sword
rCold    . . .     Gourm    .   (no shield)
rNeg     . . .     Faith    .   b - +0 leather armour
rPois    .         Spirit   .   (helmet restricted)
rElec    .         Reflect  .   (no cloak)
rCorr    .         Harm     .   (no gloves)
MR       .....                  (no boots)
Stlth    +.........             (no amulet)
HPRegen  0.07/turn              (no ring)
MPRegen  0.08/turn              (no ring)

@: no status effects
A: antennae 1
a: no special abilities


You were on level 2 of the Dungeon.
You were not hungry.

You visited 1 branch of the dungeon, and saw 2 of its levels.

You collected 66 gold pieces.

Inventory:

Hand Weapons
 a - a +0 long sword (weapon)
Missiles
 d - 3 throwing nets (quivered)
Armour
 b - a +0 leather armour (worn)
 c - a +0 helmet
Scrolls
 e - 2 scrolls of immolation {unknown}
 i - a scroll of remove curse {unknown}
Potions
 g - a potion of agility {unknown}
 h - 2 potions of invisibility {unknown}
Comestibles
 f - 2 bread rations


   Skills:
 + Level 2.0 Fighting
 + Level 3.1 Long Blades
 + Level 1.7 Throwing
 + Level 0.1 Armour
 + Level 2.9 Dodging


You had one spell level left.
You didn't know any spells.

Dungeon Overview and Level Annotations

Branches:
Dungeon (2/15)

Altars:

Annotations:
D:2 Terence


Innate Abilities, Weirdness & Mutations

You have a pair of small antennae on your head.


Message History

Terence closely misses you.
You riposte.
You hit Terence but do no damage.
Terence is lightly wounded.
You closely miss Terence.
Terence is lightly wounded.
Terence hits you with a flail.
You hit Terence.
Terence is heavily wounded.
Terence barely misses you.
You hit Terence.
Terence is heavily wounded.
Terence says, "Don't bother to defend, it's useless."
Terence closely misses you.
You hit Terence.
Terence is severely wounded.
Terence hits you with a flail!
* * * LOW HITPOINT WARNING * * *
You hit Terence but do no damage.
Terence is severely wounded.
Terence hits you with a flail!
You die...

#..........# #..........#
#..........#
#..........##############
........................#
...#.........#######.####
####....[....+ ..# #.#
#.........# #.# #.#
#....@@...###.###.#
#.........##......#
#.........##..#####
#.........##..#
#.........##..#
#.........##..#
#.........##..#
############..# #..#


You could see Terence.

Vanquished Creatures
  An ooze (D:1)
  A giant cockroach (D:1)
  A goblin (D:1)
  2 jackals (D:1)
  2 frilled lizards (D:1)
  A rat (D:1)
8 creatures vanquished.

Notes
Turn   | Place    | Note
-------+----------+-------------------------------------------
     0 | D:1      | zane53102 the Demonspawn Gladiator began the quest for the Orb.
     0 | D:1      | Reached XP level 1. HP: 16/16 MP: 1/1
    46 | D:1      | Reached skill level 3 in Long Blades
    51 | D:1      | Gained mutation: You have a pair of small antennae on your head. [demonic ancestry]
    51 | D:1      | Reached XP level 2. HP: 9/22 MP: 2/2
   425 | D:2      | Noticed Terence
   461 | D:2      | Slain by Terence

Vault maps used:
D:1:      mrwooster_arrival_statue_3
D:2:      first_bread, trog_three_pillars_becter, uniq_terence

Skill      XL: |  1 |
---------------+----+-----
Long Blades    | 3 |  3.1
Fighting       | |  2.0
Throwing       | |  1.7
Armour         | |  0.1
Dodging        | |  2.9

Action                   || total
-------------------------++-------
Melee: Long sword        ||    31
Armor: Leather armour    ||    14
Dodge: Dodged            ||    42
       Rpst.: Long sword ||    17

Table legend:
 A = Spawn XP
 B = Non-spawn XP
 C = Spawn XP percentage of total XP
 D = Spawn monster count
 E = Non-spawn monster count
 F = Spawn count percentage of total count
 G = Total turns spent on level
                    A         B        C        D         E        F      G
               +---------+---------+-------+---------+---------+-------+---------
         Total |       0 |      18 |   0.0 |       0 |       8 |   0.0 |   461
               +---------+---------+-------+---------+---------+-------+---------
           D:1 |       0 |      18 |   0.0 |       0 |       8 |   0.0 |   374
               +---------+---------+-------+---------+---------+-------+---------
